 Dungeon Crawl Stone Soup version 0.30.1-3-gfc49f6343a (webtiles) character file.

Game seed: 16561040297737832144

41305 Peloso the Carver (level 13, -1/116 HPs)
             Began as a Minotaur Fighter on July 19, 2023.
             Was an Elder of Okawaru.
             Killed from afar by a swamp worm (16 damage)
             ... with a harpoon shot
             ... on level 2 of the Lair of Beasts.
             The game lasted 00:32:20 (13775 turns).

Peloso the Carver (Minotaur Fighter)               Turns: 13775, Time: 00:32:20

Health: -1/116     AC: 34    Str: 25    XL:     13   Next: 79%
Magic:  13/15      EV: 15    Int:  7    God:    Okawaru [****..]
Gold:   890        SH: 10    Dex: 22    Spells: 12/12 levels left

rFire   + . .        w - staff of fire
rCold   . . .        d - +1 buckler
rNeg    . . .        L - +3 plate armour of the Archfiend {Int+2 Dex+3}
rPois   .            Q - +2 hat {Stlth+}
rElec   .            j - +2 cloak
rCorr   .            r - +2 pair of gloves of the Forging Gods {Str+2 SInv}
SInv    +            (no boots)
Will    .....        (no amulet) Stlth
                     i - +6 ring of dexterity
HPRegen 0.39/turn    q - +4 ring of protection
MPRegen 0.14/turn

%: no passive effects
@: about to teleport, heroic
A: horns 2, retaliatory headbutt
a: Renounce Religion, Heroism, Finesse


You were on level 2 of the Lair of Beasts.
You worshipped Okawaru.
Okawaru was greatly pleased with you.
You visited 3 branches of the dungeon, and saw 14 of its levels.
You also visited: Gauntlet.

You collected 941 gold pieces.
You spent 51 gold pieces at shops.

Inventory:

Hand Weapons
 a - a +3 heavy long sword
 b - the +7 whip of Triumph {protect, rC+}
   (You found it on level 3 of the Dungeon)

   rC:        It protects you from cold.
 c - the +5 short sword "Grim" {heavy, Will+ rCorr Stlth+}
   (You found it on level 6 of the Dungeon)

   rCorr:     It protects you from acid and corrosion.
   Will:      It increases your willpower.
   Stlth:     It makes you more stealthy.
Armour
 d - a +1 buckler (worn)
 f - a +0 scale mail
 j - a +2 cloak (worn)
 r - the +2 pair of gloves of the Forging Gods (worn) {Str+2 SInv}
   (You found it on level 5 of the Dungeon)

   Str:       It affects your strength (+2).
   SInv:      It lets you see invisible.
 v - a +0 plate armour of fire resistance
 L - the +3 plate armour of the Archfiend (worn) {Int+2 Dex+3}
   (You found it on level 9 of the Dungeon)

   Int:       It affects your intelligence (+2).
   Dex:       It affects your dexterity (+3).
 Q - a +2 hat of stealth (worn)
Magical Staves
 w - a staff of fire (weapon)
Jewellery
 h - a ring of positive energy
 i - a +6 ring of dexterity (left hand)
 q - a +4 ring of protection (right hand)
 u - a ring of fire
 F - a ring of ice
 S - a ring of fire
Wands
 e - a wand of digging (2)
 B - a wand of light (9)
 C - a wand of mindburst (8)
 E - a wand of paralysis (32)
 M - a wand of flame (27)
 N - a wand of roots (12)
Scrolls
 k - 4 scrolls of noise
 o - 2 scrolls of teleportation
 x - a scroll of poison
 y - 4 scrolls of amnesia
 z - 3 scrolls of brand weapon
 A - 3 scrolls of fog
 D - 3 scrolls of immolation
 H - a scroll of enchant weapon
 J - 5 scrolls of identify
 O - 3 scrolls of blinking
 T - a scroll of enchant armour
Potions
 g - 3 potions of might
 l - 9 potions of curing
 m - 2 potions of resistance
 n - 3 potions of flight
 p - a potion of haste
 s - a potion of cancellation
 t - 2 potions of heal wounds
 G - 2 potions of mutation
 I - a potion of berserk rage
 K - a potion of invisibility
 P - 8 potions of ambrosia
 R - a potion of brilliance {unknown}


   Skills:
 + Level 11.0(16.0) Fighting
 + Level 6.6(15.2) Short Blades
 + Level 13.0(18.8) Long Blades
 + Level 8.7(13.7) Maces & Flails
 + Level 12.7(17.7) Armour
 + Level 6.2(11.2) Dodging
 + Level 1.2(6.2) Stealth
 + Level 11.9(16.9) Shields
 + Level 4.2 Invocations
 + Level 0.5 Evocations


You had 12 spell levels left.
You didn't know any spells.
Your spell library contained the following spells:

 Spells                   Type           Power      Damage    Failure   Level
 Apportation              Tloc           0%         N/A       97%         1
 Magic Dart               Conj           0%         1d3       97%         1
 Necrotise                Necr           0%         1d4       97%         1
 Slow                     Hex            0%         N/A       97%         1
 Cigotuvi's Dreadful Rot  Necr/Pois/Air  0%         N/A       99%         2
 Mephitic Cloud           Conj/Pois/Air  0%         N/A       100%        3
 Dispel Undead            Necr           0%         3d6       100%        4
 Borgnjor's Vile Clutch   Necr/Erth      0%         N/A       100%        5
 Summon Small Mammal      Summ           Unusable   N/A       N/A         1
 Call Imp                 Summ           Unusable   N/A       N/A         2
 Animate Dead             Necr           Unusable   N/A       N/A         4
 Death Channel            Necr           Unusable   N/A       N/A         6
 Spellforged Servitor     Conj/Summ      Unusable   N/A       N/A         7

Dungeon Overview and Level Annotations

Branches:
Dungeon (11/15)            Temple (1/1) D:4            Lair (2/5) D:10
Gauntlet (visited)
  Swamp: Lair:2-3    Shoals: Lair:2-3     Snake: Lair:2-3    Spider: Lair:2-3
    Orc: D:9-12

Altars:
Ashenzari
Cheibriados
Dithmenos
Elyvilon
Fedhas
Gozag
Hepliaklqana
Kikubaaqudgha
Makhleb
Nemelex Xobeh
Okawaru
Qazlal
Ru
Sif Muna
Trog
Uskayaw
Vehumet
Wu Jian
Xom
Yredelemnul
Zin
The Shining One
Lugonu

Shops:
D:10 **[!


Innate Abilities, Weirdness & Mutations

You have a pair of horns on your head.
You reflexively headbutt those who attack you in melee.


Message History

A nearby fungus withers and dies.
You block the komodo dragon's attack.
The seven-headed hydra bites the plant!
The plant begins to die.
The seven-headed hydra bites the plant!
The seven-headed hydra bites the plant. x2
The seven-headed hydra bites the plant! x3
You slice the komodo dragon!!
You kill the komodo dragon!
Okawaru accepts your kill.
Unknown command.
w - a staff of fire (weapon)
The seven-headed hydra closely misses you.
You block the seven-headed hydra's attack.
The seven-headed hydra bites you but does no damage.
The seven-headed hydra bites you!
You block the seven-headed hydra's attack.
The seven-headed hydra closely misses you.
The seven-headed hydra bites you.
* * * LOW HITPOINT WARNING * * *
You gain the combat prowess of a mighty hero.
The swamp worm bites the plant!! x2
The seven-headed hydra bites you but does no damage.
The seven-headed hydra bites you.
* * * LOW HITPOINT WARNING * * *
The seven-headed hydra barely misses you. x2
The seven-headed hydra closely misses you.
The seven-headed hydra barely misses you.
You block the seven-headed hydra's attack.
As you read the scroll of teleportation, it crumbles to dust.
You feel strangely unstable.
A nearby plant withers and dies.
You block the seven-headed hydra's attack. x2
The seven-headed hydra bites you but does no damage.
The seven-headed hydra closely misses you. x2
The seven-headed hydra bites you but does no damage.
The seven-headed hydra bites you.
* * * LOW HITPOINT WARNING * * *
The swamp worm attacks as you move away!
The swamp worm bites you!
* * * LOW HITPOINT WARNING * * *
The swamp worm fires a harpoon shot at you.
The harpoon shot hits you!
You die...

...........#.#..######
#.....##
........#..###.###.#
#...P..#
#...#..............#
#.##..P#
..#.........####...##
##.###...
.....#..#P...# ##P..#
##..# ####
....#.#.###.P# ##.##
#.P.## #
#.P..####....# #..#
#PP.P# # .....#
#P.######..# ###.## #
.#...# ##..wD.@..##
##.### ## .#...#
##...w#.P## #P..^# #P
.#...#####..#######
##...# #.
##...#......# ##.## ##
.#.†.#...##.# #..# #
##...##.##..# ##.##
.#.!.#...##.## ###
#.†# .#...######..###
#.######.# ##...#
##..#.## ##.##..#.# #


You could see a seven-headed hydra and 2 swamp worms.

Vanquished Creatures
  Gastronok (Lair:1)
  A minotaur (Gauntlet)
  A boulder beetle (Lair:2)
  2 two-headed ogres
  2 necromancers
  An ugly thing (D:11)
  A manticore (D:11)
  2 cane toads (Lair:1)
  2 rime drakes
  3 kobold demonologists (D:10)
  A komodo dragon (Lair:2)
  2 trolls
  3 hornets
  A queen bee (D:11)
  A raiju (Gauntlet)
  A shadow (D:11)
  20 flying skulls (Gauntlet)
  A wraith (D:10)
  4 wyverns
  30 yaks
  A basilisk (Lair:1)
  A water elemental (D:11)
  Eustachio (D:6)
  6 steam dragons
  2 vampire mosquitoes (D:10)
  2 wargs (D:10)
  4 swamp worms
  Edmund (D:6)
  4 sky beasts
  3 orc warriors
  2 ice beasts
  2 black bears
  3 ogres
  6 wolves (Gauntlet)
  4 centaurs
  2 kobold brigands
  6 bullfrogs
  4 scorpions
  A gnoll sergeant (D:6)
  12 wights
  34 killer bees
  4 electric eels (D:11)
  A howler monkey (D:8)
  2 gnoll boudas
  3 jellies
  Crazy Yiuf (D:4)
  2 orc priests
  5 hounds
  3 iguanas
  5 orc wizards
  5 polar bear simulacra (D:10)
  3 yak simulacra (D:10)
  2 wolf simulacra (D:10)
  Robin (D:3)
  9 gnolls
  4 adders
  A shadow imp (D:6)
  3 white imps
  3 worms
  4 dart slugs
  15 orcs
  11 ball pythons
  5 bats
  3 endoplasms
  6 giant cockroaches
  16 goblins
  13 hobgoblins
  3 jackals (D:1)
  14 kobolds
  5 quokkas
  3 frilled lizards
  8 rats
  A river rat simulacrum (D:10)
345 creatures vanquished.

Vanquished Creatures (others)
  An adder (D:6)
  An ufetubus (D:6)
2 creatures vanquished.

Grand Total: 347 creatures vanquished

Notes
Turn   | Place    | Note
-------+----------+-------------------------------------------
     0 | D:1      | Peloso the Minotaur Fighter began the quest for the Orb.
     0 | D:1      | Reached XP level 1. HP: 19/19 MP: 0/0
   132 | D:1      | Reached XP level 2. HP: 26/27 MP: 1/1
   397 | D:1      | Reached XP level 3. HP: 33/33 MP: 2/2
   956 | D:2      | Reached skill level 3 in Long Blades
  1497 | D:3      | Noticed Robin
  1499 | D:3      | Reached skill level 1 in Dodging
  1501 | D:3      | Reached XP level 4. HP: 11/40 MP: 3/3
  1535 | D:3      | Found a white marble altar of Elyvilon.
  1624 | D:3      | Killed Robin
  1855 | D:3      | Identified the +7 whip of Triumph {protect, rC+}
  1974 | D:3      | Found a hazy altar of Hepliaklqana.
  1974 | D:3      | Found a stormy altar of Qazlal.
  1974 | D:3      | Found a shadowy altar of Dithmenos.
  2024 | D:3      | Found a hide-covered altar of Uskayaw.
  2354 | D:4      | Reached skill level 5 in Armour
  2426 | D:4      | Reached XP level 5. HP: 46/46 MP: 4/4
  2456 | D:4      | Noticed an ogre
  2463 | D:4      | Killed an ogre
  2467 | D:4      | Reached skill level 1 in Maces & Flails
  2500 | D:4      | Noticed a black bear
  2508 | D:4      | Killed a black bear
  2509 | D:4      | Reached skill level 4 in Long Blades
  2509 | D:4      | Reached XP level 6. HP: 49/53 MP: 5/5
  2627 | D:4      | Found a staircase to the Ecumenical Temple.
  2669 | D:4      | Found a runed translucent door.
  2670 | D:4      | Noticed Crazy Yiuf
  2711 | Temple   | Entered the Ecumenical Temple
  2912 | Temple   | Became a worshipper of Warmaster Okawaru
  3219 | D:4      | Killed Crazy Yiuf
  3220 | D:4      | Reached skill level 5 in Fighting
  3332 | D:5      | Entered Level 5 of the Dungeon
  3346 | D:5      | Noticed an ice beast
  3361 | D:5      | Reached XP level 7. HP: 61/61 MP: 6/6
  3418 | D:5      | Reached * piety under Okawaru
  3470 | D:5      | Identified the +2 pair of gloves of the Forging Gods {Str+2
                  | SInv}
  3483 | D:5      | Reached skill level 5 in Shields
  3822 | D:5      | Noticed a wyvern
  3831 | D:5      | Killed a wyvern
  4030 | D:6      | Reached skill level 5 in Maces & Flails
  4030 | D:6      | Reached XP level 8. HP: 70/70 MP: 7/7
  4223 | D:6      | Identified the +5 short sword "Grim" {heavy, Will+ rCorr
                  | Stlth+}
  4256 | D:6      | Found a broken altar of Ashenzari.
  4261 | D:6      | Noticed Edmund
  4266 | D:6      | Noticed a hornet
  4274 | D:6      | Killed Edmund
  4276 | D:6      | Paralysed by a hornet for 1 turns
  4282 | D:6      | Killed a hornet
  4608 | D:6      | Noticed Eustachio
  4624 | D:6      | Killed Eustachio
  4625 | D:6      | Reached skill level 1 in Short Blades
  4652 | D:6      | Reached ** piety under Okawaru
  4762 | D:6      | Noticed a troll
  4768 | D:6      | Killed a troll
  4769 | D:6      | Reached XP level 9. HP: 58/78 MP: 5/8
  5582 | D:7      | Reached *** piety under Okawaru
  5658 | D:7      | Reached skill level 5 in Short Blades
  5944 | D:7      | Reached skill level 1 in Invocations
  6345 | D:8      | Reached XP level 10. HP: 70/86 MP: 9/9
  6360 | D:8      | Reached **** piety under Okawaru
  6396 | D:8      | Reached skill level 5 in Long Blades
  6407 | D:8      | Reached skill level 6 in Long Blades
  6640 | D:8      | Noticed a two-headed ogre
  6647 | D:8      | Killed a two-headed ogre
  6677 | D:8      | Found a transporter.
  6679 | D:8      | Found a transporter.
  6683 | D:8      | Found a transporter.
  6828 | D:8      | Reached skill level 7 in Long Blades
  7159 | D:8      | Found a transporter.
  7556 | D:9      | Reached ***** piety under Okawaru
  7557 | D:9      | Reached skill level 10 in Armour
  7650 | D:9      | Identified the +3 plate armour of the Archfiend {Int+2
                  | Dex+3}
  7796 | D:9      | Reached skill level 8 in Long Blades
  7830 | D:9      | Reached skill level 1 in Stealth
  8119 | D:10     | Entered Level 10 of the Dungeon
  8143 | D:10     | Found a corrupted altar of Lugonu.
  8185 | D:10     | Reached XP level 11. HP: 34/94 MP: 11/11
  8692 | D:10     | Found a staircase to the Lair.
  8882 | D:10     | Found Yrecod's Armour Shoppe.
  8949 | D:10     | Received a gift from Okawaru
  8979 | D:10     | Reached skill level 9 in Long Blades
  9112 | D:10     | Found Citekh's General Store.
  9129 | D:10     | Bought a scroll of identify for 22 gold pieces
  9152 | D:10     | Paralysed by a hornet for 1 turns
  9363 | D:10     | Noticed a necromancer
  9382 | D:10     | Killed a necromancer
  9600 | D:10     | Found a blossoming altar of Fedhas.
  9691 | D:10     | Found Gossupo's Distillery.
  9758 | D:10     | Found Tohy's Assorted Antiques.
  9761 | D:10     | Bought a scroll labelled XEKOJOOLUFF for 29 gold pieces
  9971 | D:11     | Reached skill level 10 in Shields
 10024 | D:11     | Noticed a two-headed ogre
 10036 | D:11     | Killed a two-headed ogre
 10037 | D:11     | Reached skill level 10 in Long Blades
 10181 | D:11     | Noticed a purple ugly thing
 10193 | D:11     | Killed a purple ugly thing
 10589 | D:10     | Received a gift from Okawaru
 11060 | D:11     | Reached skill level 11 in Long Blades
 11455 | D:11     | Reached XP level 12. HP: 93/105 MP: 12/12
 11882 | Lair:1   | Entered Level 1 of the Lair of Beasts
 11891 | Lair:1   | Noticed Gastronok
 11905 | Lair:1   | Killed Gastronok
 11937 | Lair:1   | Found a gate leading to a gauntlet.
 11961 | Gauntlet | Entered a Gauntlet
 11961 | Gauntlet | Found a transporter.
 11966 | Gauntlet | Found a transporter.
 11970 | Gauntlet | Found a transporter.
 11975 | Gauntlet | Found a transporter.
 11983 | Gauntlet | Found a transporter.
 11987 | Gauntlet | Found a transporter.
 11992 | Gauntlet | Found a transporter.
 11995 | Gauntlet | Found a runed translucent gate.
 11995 | Gauntlet | Found a runed translucent gate.
 11999 | Gauntlet | Found a runed translucent gate.
 12000 | Gauntlet | Found a transporter.
 12004 | Gauntlet | Found a transporter.
 12009 | Gauntlet | Found a transporter.
 12016 | Gauntlet | Found a transporter.
 12020 | Gauntlet | Found a transporter.
 12025 | Gauntlet | Found a transporter.
 12036 | Gauntlet | Found a transporter.
 12041 | Gauntlet | Found a runed translucent door.
 12173 | Gauntlet | Reached skill level 5 in Dodging
 12381 | Gauntlet | Reached skill level 12 in Long Blades
 12427 | Gauntlet | Reached skill level 10 in Fighting
 12448 | Gauntlet | Got the Elucidation of Called Ill Luck
 12538 | Gauntlet | Received a gift from Okawaru
 12560 | Gauntlet | Noticed a minotaur
 12563 | Gauntlet | Reached XP level 13. HP: 107/115 MP: 11/15
 12578 | Gauntlet | Killed a minotaur
 12579 | Gauntlet | Reached skill level 13 in Long Blades
 13775 | Lair:2   | Killed from afar by a swamp worm

Illustrated notes

Levels and vault maps discovered:
D:1:      minmay_arrival_diagonal_passages, layout_basic
D:2:      layout_loops_ring, minmay_fountain_box, kennysheep_boxes
D:3:      layout_basic, mainiacjoe_overflow_six_doors_small,
          mainiacjoe_overflow_cross_hatched,
          gammafunk_temple_overflow_forgotten, st_stairs_11,
          minmay_misc_feat_pillars, kennysheep_potato, uniq_robin
D:4:      layout_gridville, temple_doors_e, uniq_crazy_yiuf_cottage
D:5:      layout_rooms, dk_noncrumbling_2
D:6:      kennysheep_six_static_rooms, layout_loops_ring, ashenzari_altar_1,
          feat_on_display, uniq_edmund, uniq_eustachio
D:7:      layout_gridville, nicolae_fountain_basement
D:8:      layout_loops_ring, nicolae_transporter_circle
D:9:      layout_rooms
D:10:     kennysheep_kobold_lugonu_temple, layout_gridville, pf_just_have_faith,
          erik_lair_orcish_takeover, serial_shops, shop, shop,
          nicolae_shop_tiny_statue_garden, shop, roderic_three_in_a_row,
          eino_house_with_fridge
D:11:     layout_basic, special_room [special_room_bee],
          kennysheep_decorative_pillar
Temple:   bh_familiar_temple
Lair:1:   layout_chaotic_city, gauntlet_entry_generic, grunt_megastairs_5,
          uniq_gastronok
Lair:2:   layout_loops_ring, palyth_hydra_swamp_entry, nzn_sisyphean_effort

Skill      XL: |  1  2  3  4  5  6  7  8  9 10 11 12 13 |
---------------+----------------------------------------+-----
Fighting       | 4 5 6 7 8 9 10 11 | 11.0
Shields        | 4 5 6 7 8 10 11 | 11.9
Armour         | 4 5 6 7 9 10 11 12 | 12.7
Long Blades    | 3 4 8 11 12 13 | 13.0
Dodging        | 1 2 3 4 5 6 |  6.2
Maces & Flails | 1 2 5 6 7 8 |  8.7
Short Blades   | 2 5 6 |  6.6
Invocations    | 1 2 4 |  4.2
Stealth        | 1 |  1.2
Evocations     | |  0.5

Action                     |  1- 3 |  4- 6 |  7- 9 | 10-12 | 13-15 || total
---------------------------+-------+-------+-------+-------+-------++-------
  Melee: Long sword        |   105 |    15 |       |       |    37 ||   157
         Headbutt          |    10 |    14 |    51 |   188 |    15 ||   278
         Whip              |       |    73 |    41 |   142 |    12 ||   268
         Short sword       |       |       |   186 |       |       ||   186
         Falchion          |       |       |       |   603 |       ||   603
 Invoke: Heroism           |       |       |     6 |    22 |     1 ||    29
  Evoke: Wand              |       |       |       |     5 |       ||     5
    Use: Potion            |     3 |     1 |     1 |     3 |     1 ||     9
         Scroll            |     3 |     2 |     5 |    11 |     1 ||    22
 Armour: Scale mail        |    61 |    48 |     7 |       |       ||   116
         Plate armour      |       |       |   181 |   457 |    44 ||   682
  Dodge: Dodged            |    63 |    65 |   141 |   353 |    32 ||   654
  Block: Buckler           |    34 |    30 |    92 |   300 |    27 ||   483
